 Dungeon Crawl Stone Soup version 0.13.1-22-g086cdba (webtiles) character file.

242 Kae the Insei (level 4, 0/35 HPs)
             Began as a Draconian Transmuter on Jan 2, 2014.
             Succumbed to poison (a potion of poison)
             ... while paralysed by a potion of paralysis
             ... on Level 3 of the Dungeon.
             The game lasted 00:03:52 (2450 turns).

Kae the Insei (Draconian Transmuter)                Turns: 2450, Time: 00:03:52

HP   0/35        AC  6     Str 12      XL: 4   Next: 81%
MP   6/6         EV  2     Int 13      God:
Gold 118         SH  0     Dex 13      Spells:  2 memorised,  4 levels left

Res.Fire  : . . .   See Invis. : .     - Unarmed
Res.Cold  : . . .   Warding    : .   (armour unavailable)
Life Prot.: . . .   Conserve   : .   (no shield)
Res.Poison: .       Res.Corr.  : .   (helmet restricted)
Res.Elec. : .       Clarity    : .   (no cloak)
Sust.Abil.: . .     Spirit.Shd : .   u - +0 pair of elf gloves
Res.Mut.  : .       Stasis     : .   (no boots)
Res.Rott. : .       Flight     : .   (no amulet)
Saprovore : . . .                    (no ring)
                                     (no ring)

@: paralysed, quite poisoned, slightly resistant to hostile enchantments,
unstealthy
A: unfitting armour, AC +5
a: no special abilities


You were on level 3 of the Dungeon.
You were hungry.

You visited 1 branch of the dungeon, and saw 3 of its levels.

You collected 98 gold pieces.

Inventory:

Missiles
 b - 12 arrows
 v - 22 stones (quivered)
Armour
 u - a +0 pair of elven gloves (worn)
Magical devices
 y - a wand of magic darts (6)
Comestibles
 a - 2 bread rations
 k - a meat ration
 q - 14 strawberries
 w - an orange
Scrolls
 c - 4 scrolls of teleportation {unknown}
 f - a scroll of recharging {unknown}
 g - a scroll of fear {unknown}
 h - 6 scrolls of remove curse {unknown}
 i - 3 scrolls of curse weapon {unknown}
 j - a scroll of fog {unknown}
 m - 4 scrolls of identify {unknown}
 o - a scroll of enchant armour {unknown}
 s - a scroll of random uselessness {unknown}
 t - a scroll of noise {unknown}
Potions
 n - a potion of restore abilities
 r - a potion of flight {unknown}
Books
 d - a book of Changes

   Spells                             Type                      Level
   *Beastly Appendage                 Transmutation                1
   *Sticks to Snakes                  Transmutation                2
   Spider Form                        Transmutation/Poison         3
   Ice Form                           Ice/Transmutation            4
   Blade Hands                        Transmutation                5


   Skills:
 - Level 1.1 Fighting
 - Level 1.7 Dodging
 * Level 5.0 Unarmed Combat
 - Level 2.0 Spellcasting
 + Level 3.0 Transmutations


You had 4 spell levels left.
You knew the following spells:

 Your Spells              Type           Power        Failure   Level  Hunger
a - Beastly Appendage     Trmt           #.....       10%         1    ##.....
b - Sticks to Snakes      Trmt           #.........   12%         2    ###....


Dungeon Overview and Level Annotations

Branches:
Dungeon (3/27)

Altars:
Nemelex Xobeh

Annotations:
D:3 Kae's ghost, weakling DrTm


Message History

* * * LOW HITPOINT WARNING * * *
You feel sick.
You start resting.
* * * LOW HITPOINT WARNING * * *
You feel sick.
You start resting.
* * * LOW HITPOINT WARNING * * *
You feel sick.
You start resting.
* * * LOW HITPOINT WARNING * * *
You feel sick.
Drink which item? (? for menu, Esc to quit)
That liquid tasted very nasty...
You are more poisoned.
It was a potion of poison.
* * * LOW HITPOINT WARNING * * *
You feel sick.
Drink which item? (? for menu, Esc to quit)
You suddenly lose the ability to move!
It was a potion of paralysis.
You are feeling hungry.
You die...

#. #..# . #.. #..# .
####..####..#####.
......Kp...........
........<..........
##..#######.....%.. #..#
#........ #..# #...)%...
#@.# #..)).... #..#
#........
#######..#######........
#.....(.................
#.....(.................
#.........#######..####.
#....((...# #..# #.
#.........# #..# #.
#.......%.# #..# #.


There were no monsters in sight!

Vanquished Creatures
  An orc wizard (D:3)
  3 adders (D:2)
  A giant mite (D:2)
  An ooze (D:2)
  4 orcs (D:3)
  4 bats
  6 giant cockroaches
  10 hobgoblins
  2 jackals (D:2)
  2 quokkas (D:2)
  3 giant geckos
  3 giant newts
  5 goblins
  7 kobolds
  3 rats
55 creatures vanquished.

Notes
Turn   | Place    | Note
--------------------------------------------------------------
     0 | D:1      | Kae, the Draconian Transmuter, began the quest for the Orb.
     0 | D:1      | Reached XP level 1. HP: 16/16 MP: 1/1
   360 | D:1      | Reached XP level 2. HP: 11/23 MP: 0/3
   752 | D:2      | Learned a level 2 spell: Sticks to Snakes
   837 | D:2      | Reached XP level 3. HP: 25/28 MP: 4/4
   876 | D:2      | Reached skill level 4 in Unarmed Combat
  1254 | D:2      | Reached XP level 4. HP: 31/35 MP: 6/6
  1455 | D:2      | Found a sparkling altar of Nemelex Xobeh.
  1707 | D:3      | Noticed Kae's ghost (weakling DrTm)
  1872 | D:3      | Reached skill level 5 in Unarmed Combat
  2150 | D:2      | HP: 1/35 [poisoned by a giant mite]
  2449 | D:3      | HP: 1/35 [poison (a potion of poison)]
  2450 | D:3      | Paralysed by a potion of paralysis for 6 turns
  2450 | D:3      | Succumbed to poison (a potion of poison)

Action                   |  1- 3 |  4- 6 || total
-------------------------+-------+-------++-------
Melee: Unarmed           |   139 |    68 ||   207
 Cast: Beastly Appendage |    20 |     7 ||    27
  Use: Potion            |       |     5 ||     5
